 Dungeon Crawl Stone Soup version 0.30-a0-715-gdb4ae3ece1 (webtiles) character file.

Game seed: 4029514784162594144

986 ryw the Trooper (level 8, -2/124 HPs)
             Began as an Ogre Gladiator on Jan 25, 2023.
             Succumbed to an orc wizard's poison
             ... on level 5 of the Dungeon.
             The game lasted 00:08:07 (4695 turns).

ryw the Trooper (Ogre Gladiator)                    Turns: 4695, Time: 00:08:07

Health: -2/124     AC: 24    Str: 21    XL:     8   Next: 18%
Magic:  8/8        EV:  1    Int:  9    God:
Gold:   176        SH:  0    Dex: 16    Spells: 7/7 levels left

rFire   + . .      SeeInvis .    p - +8 long sword of the Other Side {flame, rF+}
rCold   . . .      Faith    .    (no shield)
rNeg    . . .      Spirit   .    (body armour currently unavailable)
rPois   +          Reflect  .    (helmet currently unavailable)
rElec   .          Harm     .    (cloak currently unavailable)
rCorr   .          Rampage  .    (gloves unavailable)
Will    .....      NoTele   +    (boots unavailable)
Stlth   +                        m - amulet of the acrobat
HPRegen 0.40/turn                l - +6 ring of dexterity
MPRegen 0.11/turn                q - +4 ring of slaying

@: lethally poisoned (-2 -> -10), tree-form, attractive
A: stationary, stasis, torment immunity, boosted hp, large, unfitting armour,
(tough skin 1)
a: no special abilities


You were on level 5 of the Dungeon.
You were a tree.
You visited 1 branch of the dungeon, and saw 5 of its levels.

You collected 176 gold pieces.

Inventory:

Hand Weapons
 k - a +1 whip of electrocution
 n - the +0 hand axe of the Past {antimagic, *Corrode rPois rF+++ rC-}
   (You found it on level 3 of the Dungeon)

   rF:        It renders you almost immune to fire.
   rC:        It makes you vulnerable to cold.
   rPois:     It protects you from poison.
   *Corrode:  It may corrode you when you take damage.
 p - the +8 long sword of the Other Side (weapon) {flame, rF+}
   (You found it on level 3 of the Dungeon)

   rF:        It protects you from fire.
 t - a +2 flail of holy wrath
Missiles
 d - 5 throwing nets
 e - a large rock
 i - 6 boomerangs (quivered)
Armour
 b - a +0 robe (melded)
 c - a +0 hat (melded)
 g - a +0 cloak (melded)
Jewellery
 l - a +6 ring of dexterity (left branch)
 m - an amulet of the acrobat (around neck)
 q - a +4 ring of slaying (right branch)
 u - an amulet of magic regeneration
Wands
 w - a wand of flame (11)
Scrolls
 a - 2 scrolls of blinking
 f - 2 scrolls of identify
Potions
 h - a potion of brilliance


   Skills:
 + Level 5.9 Fighting
 * Level 3.5 Long Blades
 - Level 4.5 Maces & Flails
 + Level 4.5 Throwing
 + Level 4.6 Dodging


You had 7 spell levels left.
You didn't know any spells.
Your spell library contained the following spells:

 Spells                   Type           Power      Damage    Failure   Level
 Freeze                   Ice            0%         1d3       38%         1
 Summon Small Mammal      Summ           0%         N/A       38%         1
 Cigotuvi's Dreadful Rot  Necr/Pois/Air  0%         N/A       52%         2
 Poisonous Vapours        Pois/Air       0%         N/A       52%         2
 Call Canine Familiar     Summ           0%         N/A       77%         3
 Frozen Ramparts          Ice            0%         1d1       77%         3
 Hailstorm                Conj/Ice       0%         3d3       77%         3
 Mephitic Cloud           Conj/Pois/Air  0%         N/A       77%         3
 Summon Guardian Golem    Hex/Summ       0%         N/A       77%         3


Dungeon Overview and Level Annotations

Branches:
Dungeon (5/15)             Temple (0/1) D:5

Altars:
Sif Muna
Wu Jian
Zin


Innate Abilities, Weirdness & Mutations

You are a tree.
Your roots penetrate the ground, keeping you stationary.
You cannot be teleported.
You are immune to unholy pain and torment.
Your maximum health is greatly increased.
Your equipment is partially melded.
You are too large for most types of armour.
((You have tough skin. (AC +1)))


Message History

The black bear closely misses you. The black bear claws you.
* * * LOW HITPOINT WARNING * * *
The black bear misses you. Something hits you but does no damage.
You are poisoned.
You feel better. The black bear bites you.
* * * LOW HITPOINT WARNING * * *
The black bear claws you.
* * * LOW HITPOINT WARNING * * *
The black bear claws you.
* * * LOW HITPOINT WARNING * * *
The black bear barely misses you. The black bear claws you.
* * * LOW HITPOINT WARNING * * *
The black bear claws you.
* * * LOW HITPOINT WARNING * * *
Something hits you but does no damage.
You miss something. The black bear bites you.
* * * LOW HITPOINT WARNING * * *
The black bear claws you.
* * * LOW HITPOINT WARNING * * *
The black bear claws you.
* * * LOW HITPOINT WARNING * * *
Something hits you.
* * * LOW HITPOINT WARNING * * *
You are lethally poisoned!
The black bear bites you but does no damage.
The black bear claws you but does no damage.
The black bear barely misses you.
It was a potion of lignification.
You turn into a tree.
Your +0 cloak melds into your body.
Your +0 hat melds into your body.
Your +0 robe melds into your body.
Your roots penetrate the ground.
* * * LOW HITPOINT WARNING * * *
You feel very sick.
The black bear bites you but does no damage.
The black bear claws you.
* * * LOW HITPOINT WARNING * * *
The black bear claws you but does no damage.
Something hits you but does no damage.
You slash the black bear! You burn the black bear.
You kill the black bear!
You die...

#.............# #.#
#†#...........# #.#
#.######..##..# #.#
#.######..#...###.#
#....##........##<#
##.##.##.##........#
###.........#.....####
#...){.............#
#.#.)♣...⌠..###..#.#
#.#..†...:..# ##.#.#
#......>..... #.#.#
###.........# ..#.#
#..⌠...⌠..# ###.#
........... .#
.#.........#
#.##.##.##.##


There were no monsters in sight!

Vanquished Creatures
  Eustachio (D:4)
  Edmund (D:4)
  Duvessa (D:4)
  2 black bears
  A phantom (D:4)
  Dowan (D:4)
  A hound (D:5)
  2 orc wizards (D:3)
  Natasha (thrice) (D:3)
  An iguana (D:4)
  4 gnolls
  9 adders
  2 river rats (D:3)
  3 worms
  2 dart slugs
  11 orcs
  5 ball pythons
  3 endoplasms
  2 giant cockroaches
  5 goblins
  7 hobgoblins
  6 quokkas
  3 bats
  2 frilled lizards
  4 kobolds
  9 rats
91 creatures vanquished.

Notes
Turn   | Place    | Note
-------+----------+-------------------------------------------
     0 | D:1      | ryw the Ogre Gladiator began the quest for the Orb.
     0 | D:1      | Reached XP level 1. HP: 22/22 MP: 1/1
   159 | D:1      | Reached XP level 2. HP: 29/29 MP: 2/2
   412 | D:1      | Reached skill level 3 in Fighting
   786 | D:1      | Found a faded altar of an unknown god.
  1025 | D:2      | Found an ornate altar of the Wu Jian Council.
  1073 | D:2      | Reached XP level 3. HP: 37/37 MP: 3/3
  1749 | D:2      | Reached XP level 4. HP: 45/45 MP: 4/4
  2083 | D:3      | Noticed Natasha
  2093 | D:3      | Killed Natasha
  2191 | D:3      | Reached XP level 5. HP: 54/54 MP: 5/5
  2242 | D:3      | Noticed Natasha
  2251 | D:3      | Killed Natasha
  2252 | D:3      | Reached skill level 4 in Fighting
  2334 | D:3      | Identified the +0 hand axe of the Past {antimagic, *Corrode
                  | rPois rF+++ rC-}
  2484 | D:3      | Reached XP level 6. HP: 62/62 MP: 6/6
  2982 | D:3      | Noticed Natasha
  2987 | D:3      | Killed Natasha
  3197 | D:3      | Found a shimmering blue altar of Sif Muna.
  3233 | D:3      | Identified the +8 long sword of the Other Side {flame, rF+}
  3732 | D:4      | Noticed Edmund
  3743 | D:4      | Killed Edmund
  3744 | D:4      | Reached skill level 1 in Long Blades
  3744 | D:4      | Reached XP level 7. HP: 53/71 MP: 7/7
  3910 | D:4      | Reached skill level 5 in Fighting
  4118 | D:4      | Noticed Duvessa
  4125 | D:4      | Killed Duvessa
  4125 | D:4      | Noticed Dowan
  4139 | D:4      | Killed Dowan
  4224 | D:4      | Noticed Eustachio
  4245 | D:4      | Killed Eustachio
  4246 | D:4      | Reached XP level 8. HP: 76/83 MP: 8/8
  4438 | D:4      | Found a glowing silver altar of Zin.
  4648 | D:5      | Entered Level 5 of the Dungeon
  4676 | D:5      | Found a staircase to the Ecumenical Temple.
  4694 | D:5      | HP: 6/124 [poisoned by an orc wizard]
  4694 | D:5      | HP: 1/124 [black bear (5)]
  4695 | D:5      | Succumbed to an orc wizard's poison

Illustrated notes

Levels and vault maps discovered:
D:1:      minmay_arrival_four_circles, layout_loops_corners,
          shapermc_ecumenical_altar_petra
D:2:      layout_loops_corners, basic_altar
D:3:      layout_basic, general_overflow_altar, gup_sewer_entry_bubbles,
          uniq_natasha
D:4:      layout_basic, lemuel_tele_altar, uniq_edmund, uniq_eustachio,
          uniq_duvessa
D:5:      layout_loops_ring, minmay_temple_entry_large_hall,
          chequers_serial_rivers_micro_d, uniq_grinder

Skill      XL: |  1  2  3  4  5  6  7 |
---------------+----------------------+-----
Fighting       | 3 4 5 |  5.9
Maces & Flails | 3 4 |  4.5
Dodging        | 3 4 |  4.6
Throwing       | 3 4 |  4.5
Long Blades    | 1 3 |  3.5

Action                     |  1- 3 |  4- 6 |  7- 9 || total
---------------------------+-------+-------+-------++-------
  Melee: Flail             |    33 |       |       ||    33
         Whip              |    77 |   108 |       ||   185
         Punch             |     1 |     1 |       ||     2
         Long sword        |       |    16 |    52 ||    68
  Throw: Boomerang         |       |    11 |       ||    11
    Use: Scroll            |     5 |     4 |     3 ||    12
         Potion            |     2 |       |     4 ||     6
   Stab: Sleeping          |     1 |       |       ||     1
         Distracted        |       |     1 |       ||     1
 Armour: Robe              |    23 |    35 |    19 ||    77
         Skin              |       |       |     3 ||     3
  Dodge: Dodged            |    49 |   112 |    53 ||   214

Table legend: (Time is in decaauts)
 A = Elapsed time spent in this place.
 B = Non-inter-level travel time spent in this place.
 C = Inter-level travel time spent in this place.
 D = Time resting spent in this place.
 E = Time spent auto-exploring this place.
 F = Levels seen in this place.
 G = Mean time per level.
                   A        B        C        D        E       F      G
               +--------+--------+--------+--------+--------+-----+--------+
         Total |   4714 |   4637 |     77 |    336 |   3481 |   5 |  942.8 |
       Dungeon |   4714 |   4637 |     77 |    336 |   3481 |   5 |  942.8 |
               +--------+--------+--------+--------+--------+-----+--------+

Top non-repeatable levels by time:
     D:2: 1259 daAuts
     D:3: 1234 daAuts
     D:4: 1172 daAuts
     D:1: 998 daAuts
     D:5: 49 daAuts
